 Dungeon Crawl Stone Soup version 0.30-a0-390-g80c34de65d (webtiles) character file.

Game seed: 8659925424722430972

44 ZappyNine the Trooper (level 3, 0/36 HPs)
             Began as a Hill Orc Berserker on Dec 4, 2022.
             Was a Believer of Trog.
             Slain by Terence
             ... wielding a +1 flail of holy wrath
              (11 damage)
             ... on level 2 of the Dungeon.
             The game lasted 00:02:02 (1192 turns).

ZappyNine the Trooper (Hill Orc Berserker)          Turns: 1192, Time: 00:02:03

Health: 0/36       AC:  3    Str: 21    XL:     3   Next: 62%
Magic:  3/3        EV: 12    Int:  7    God:    Trog [**....]
Gold:   35         SH:  0    Dex: 10    Spells: 2/2 levels left

rFire   . . .      SeeInvis .    a - +0 hand axe
rCold   . . .      Faith    .    (no shield)
rNeg    . . .      Spirit   .    b - +0 animal skin
rPois   .          Reflect  .    (no helmet)
rElec   .          Harm     .    (no cloak)
rCorr   .          Rampage  .    (no gloves)
Will    .....                    i - +0 pair of boots
Stlth   +.........               (no amulet)
HPRegen 0.26/turn                (no ring)
MPRegen 0.08/turn                (no ring)

@: no status effects
A: no striking features
a: Renounce Religion, Berserk, Trog's Hand


You were on level 2 of the Dungeon.
You worshipped Trog.
Trog was pleased with you.
You visited 1 branch of the dungeon, and saw 2 of its levels.

You collected 35 gold pieces.

Inventory:

Hand Weapons
 a - a +0 hand axe (weapon)
Armour
 b - a +0 animal skin (worn)
 i - a +0 pair of boots (worn)
Jewellery
 e - an amulet of magic regeneration
Scrolls
 c - a scroll of magic mapping {unknown}
 d - 3 scrolls of fog {unknown}
 f - a scroll of vulnerability {unknown}
 g - a scroll of identify {unknown}
 j - a scroll of teleportation {unknown}
 k - a scroll of immolation {unknown}
Potions
 h - a potion of curing {unknown}
 l - a potion of heal wounds {unknown}


   Skills:
 + Level 5.2 Fighting
 - Level 4.3 Axes
 - Level 2.2 Armour
 - Level 1.6 Dodging


You had 2 spell levels left.
You didn't know any spells.
Your spell library was empty.

Dungeon Overview and Level Annotations

Branches:
Dungeon (2/15)

Altars:

Annotations:
D:2 Terence


Message History

No target in view!
No target in view!
No target in view!
You see here a rat corpse.
Terence the Incautious comes into view.
He is wielding a +1 flail of holy wrath.
Terence is nearby!
Terence is nearby!
Terence is nearby!
Terence shouts!
Terence drinks a potion.
Terence flickers and vanishes!
Deactivating autopickup; reactivate with Ctrl-A.
No target in view!
No target in view!
No target in view!
No target in view!
No target in view!
No target in view!
No target in view!
No target in view!
No target in view!
No target in view!
No target in view!
No target in view!
No target in view!
No target in view!
No target in view!
No target in view!
No target in view!
No target in view!
No target in view!
No target in view!
No target in view!
You see here 2 gold pieces.
Something hits you but does no damage.
You closely miss something. Something hits you!
You barely miss something. Something hits you.
You hit something but do no damage. Something hits you!
* * * LOW HITPOINT WARNING * * *
You hit something but do no damage. Something hits you!
You die...

#.#.†..<....#
#...######..#
##.## # #.#
#.# #.# #.#
#$# #@# #{#
#.# #.# #.#
#.# ..# ###


There were no monsters in sight!

Vanquished Creatures
  A dart slug (D:1)
  5 endoplasms (D:1)
  3 giant cockroaches (D:1)
  2 goblins (D:1)
  4 hobgoblins (D:1)
  A jackal (D:1)
  A kobold (D:1)
  A quokka (D:1)
  5 ball pythons (D:1)
  4 bats (D:1)
  5 frilled lizards (D:1)
  8 rats
40 creatures vanquished.

Notes
Turn   | Place    | Note
-------+----------+-------------------------------------------
     0 | D:1      | ZappyNine the Hill Orc Berserker began the quest for the
                  | Orb.
     0 | D:1      | Reached XP level 1. HP: 19/19 MP: 1/1
   104 | D:1      | Reached XP level 2. HP: 20/27 MP: 2/2
   157 | D:1      | Reached skill level 4 in Fighting
   358 | D:1      | Reached XP level 3. HP: 24/34 MP: 3/3
   539 | D:1      | Reached ** piety under Trog
   627 | D:1      | Found a faded altar of an unknown god.
   659 | D:1      | Reached skill level 5 in Fighting
  1184 | D:2      | Noticed Terence
  1192 | D:2      | Slain by Terence

Illustrated notes

Levels and vault maps discovered:
D:1:      nagdon_arrival_zigzag_paths, layout_basic, basic_ecumenical_altar,
          minmay_hexomino_p4
D:2:      layout_loops_ring, basic_altar, uniq_terence

Skill      XL: |  1  2  3 |
---------------+----------+-----
Fighting       | 4 5 |  5.2
Axes           | |  4.3
Armour         | |  2.2
Dodging        | |  1.6

Action                   || total
-------------------------++-------
Melee: Hand axe          ||   116
       Punch             ||     1
Armor: Animal skin       ||    42
Dodge: Dodged            ||    73

Table legend: (Time is in decaauts)
 A = Elapsed time spent in this place.
 B = Non-inter-level travel time spent in this place.
 C = Inter-level travel time spent in this place.
 D = Time resting spent in this place.
 E = Time spent auto-exploring this place.
 F = Levels seen in this place.
 G = Mean time per level.
                   A        B        C        D        E       F      G
               +--------+--------+--------+--------+--------+-----+--------+
         Total |   1201 |   1139 |     62 |      9 |    825 |   2 |  600.5 |
       Dungeon |   1201 |   1139 |     62 |      9 |    825 |   2 |  600.5 |
               +--------+--------+--------+--------+--------+-----+--------+

Top non-repeatable levels by time:
     D:1: 1181 daAuts
     D:2: 20 daAuts
